 Dungeon Crawl Stone Soup version 0.28-a0-769-g550dbda0cd (webtiles) character file.

Game seed: 11009056780881029409

31 willcat the Sneak (level 3, -6/29 HPs)
             Began as a Demonspawn Delver on Oct 31, 2021.
             Mangled by a gnoll sergeant (8 damage)
             ... on level 5 of the Dungeon.
             The game lasted 00:00:21 (327 turns).

willcat the Sneak (Demonspawn Delver)                Turns: 327, Time: 00:00:22

Health: -6/29      AC:  5    Str: 13    XL:     3   Next: 7%
Magic:  3/3        EV: 11    Int: 11    God:
Gold:   8          SH:  4    Dex: 14    Spells: 2/2 levels left

rFire   . . .      SeeInvis .   a - +0 short sword
rCold   . . .      Faith    .   (no shield)
rNeg    . . .      Spirit   .   i - +0 ring mail
rPois   .          Reflect  .   (no helmet)
rElec   .          Harm     .   (no cloak)
rCorr   .          Rampage  .   (no gloves)
Will    .....                   (no boots)
Stlth   ++........              (no amulet)
HPRegen 0.09/turn               (no ring)
MPRegen 0.08/turn               (no ring)

@: marked
A: condensation shield
a: no special abilities


You were on level 5 of the Dungeon.
You visited 1 branch of the dungeon, and saw 1 of its levels.

You collected 8 gold pieces.

Inventory:

Hand Weapons
 a - a +0 short sword (weapon)
Armour
 b - a +0 leather armour
 i - a +0 ring mail (worn)
Wands
 g - a wand of digging (3)
Scrolls
 c - a scroll of fog
 d - a scroll of magic mapping
 e - a scroll of fear
Potions
 f - a potion of haste


   Skills:
 - Level 3.0 Fighting
 + Level 2.3 Short Blades
 + Level 2.3 Dodging
 + Level 4.8 Stealth


You had 2 spell levels left.
You didn't know any spells.
Your spell library was empty.

Dungeon Overview and Level Annotations

Branches:
Dungeon (5/15)
 Temple: D:4-7

Altars:


Innate Abilities, Weirdness & Mutations

A meltable shield of frost defends you. (SH +4)


Message History

Really walk onto that alarm trap?
You set off the alarm!
The alarm trap emits a blaring wail!
A sentinel's mark forms upon you.
You hear an angry hiss.
You open the door.
There is an open door here.
You see here a +0 ring mail.
i - a +0 ring mail You start removing your armour.
You continue taking off your +0 leather armour. x4
You finish taking off your +0 leather armour.
You start putting on your armour.
You continue putting on your +0 ring mail. x3
The gnoll sergeant barely misses you.
You continue putting on your +0 ring mail.
The gnoll sergeant barely misses you.
You continue putting on your +0 ring mail.
The gnoll sergeant hits you from afar with a +4 spear of pain!
You finish putting on your +0 ring mail.
Unknown command.
Unknown command.
Unknown command.
As you read the scroll labelled YPHEOREFOA, it crumbles to dust.
It is a scroll of identify.
You don't have any unidentified items.
The gnoll sergeant hits you from afar with a +4 spear of pain!
* * * LOW HITPOINT WARNING * * *
Unknown command.
Okay, then.
As you read the scroll of fear, it crumbles to dust.
You assume a fearsome visage.
The gnoll sergeant looks frightened!
The ogre resists with some effort.
The worm looks frightened!
Cornered, the gnoll sergeant turns to fight!
An ogre comes into view. It is wielding a +0 giant spiked club.
There is an open door here.
The gnoll sergeant hits you from afar with a +4 spear of pain.
* * * LOW HITPOINT WARNING * * *
The gnoll sergeant hits you with a +4 spear of pain!
You die...

####### ######.....#
#......###.# ###
####......# #.# ..#
#.....###.###.# #.#
#.....#.#.....#
#.########..####@####..#
#...........#.^#g#^.#..#
########.#..##^#O#^##.##
.........#.#.^#.#^.#.#
#######.##.##^#.#^##.#
.###.#.^#.#^.#.# .#
#.####'####.# ##
#.....Ow....#
#.....#######


You could see 2 ogres, a gnoll sergeant and a worm (fleeing).

Vanquished Creatures
  A hound (D:5)
1 creature vanquished.

Notes
Turn   | Place    | Note
-------+----------+-------------------------------------------
     0 | D:5      | willcat the Demonspawn Delver began the quest for the Orb.
     0 | D:5      | Reached XP level 1. HP: 18/18 MP: 1/1
    45 | D:5      | Noticed a hound
    52 | D:5      | Killed a hound
    53 | D:5      | Gained mutation: A meltable shield of frost defends you.
                  | (SH +4) [demonic ancestry]
    53 | D:5      | Reached XP level 2. HP: 9/24 MP: 2/2
    53 | D:5      | Reached XP level 3. HP: 11/29 MP: 3/3
   303 | D:5      | Noticed a gnoll sergeant
   303 | D:5      | Noticed an ogre
   304 | D:5      | Noticed a scorpion
   325 | D:5      | Noticed an ogre
   327 | D:5      | Mangled by a gnoll sergeant

Illustrated notes

Levels and vault maps discovered:
D:5:      layout_loops_ring, gammafunk_temple_overflow_arena, grunt_tough_drop

Skill      XL: |  1 |
---------------+----+-----
Short Blades   | 2 |  2.3
Dodging        | 2 |  2.3
Fighting       | |  3.0
Stealth        | |  4.8

Action                   || total
-------------------------++-------
Melee: Short sword       ||     5
  Use: Scroll            ||     2
 Stab: Sleeping          ||     1
Dodge: Dodged            ||     5

Table legend: (Time is in decaauts)
 A = Elapsed time spent in this place.
 B = Non-inter-level travel time spent in this place.
 C = Inter-level travel time spent in this place.
 D = Time resting spent in this place.
 E = Time spent auto-exploring this place.
 F = Levels seen in this place.
 G = Mean time per level.
                   A        B        C        D        E       F      G
               +--------+--------+--------+--------+--------+-----+--------+
         Total |    327 |    327 |      0 |    194 |     97 |   1 |  327.0 |
       Dungeon |    327 |    327 |      0 |    194 |     97 |   1 |  327.0 |
               +--------+--------+--------+--------+--------+-----+--------+

Top non-repeatable levels by time:
     D:5: 327 daAuts
